 Dungeon Crawl Stone Soup version 0.31.0-9-g3a7656b989 (webtiles) character file.

Game seed: 3587609196904209924

16 Bobbunny the Ruffian (level 2, -4/25 HPs)
             Began as a Naga Shapeshifter on Jan 25, 2024.
             Slain by a hobgoblin
             ... wielding a +0 spear
              (6 damage)
             ... on level 1 of the Dungeon.
             The game lasted 00:00:37 (224 turns).

Bobbunny the Ruffian (Naga Shapeshifter)             Turns: 224, Time: 00:00:38

Health: -4/25      AC:  1    Str: 16    XL:     2   Next: 58%
Magic:  2/2        EV:  9    Int: 10    God:
Gold:   22         SH:  0    Dex: 10    Spells: 1/1 levels left

rFire   . .          .
                       - Unarmed
rCold   . . .        (no shield)
rNeg    . . .        a - +0 animal skin
rPois   +            (helmet currently unavailable)
rElec   .            (cloak currently unavailable)
rCorr   .            (gloves currently unavailable)
SInv    +            (no barding)
Will    .....        (no amulet)
Stlth   +            (no ring)
HPRegen 0.24/turn    (no ring)
MPRegen 0.08/turn

%: no passive effects
@: beast-form, very slow
A: beast (slay +1), AC +0, large, see invisible, deformed body, poison
resistance, slowness 2, spit poison 1, naga tail 1
a: Spit Poison, Begin Untransformation


You were on level 1 of the Dungeon.
You were a hulking beast.
You visited 1 branch of the dungeon, and saw 1 of its levels.

You collected 22 gold pieces.

Inventory:

Armour
 a - a +0 animal skin (worn)
Talismans
 c - a beast talisman
 d - a flux talisman
Scrolls
 e - a scroll of fear {unknown}
Potions
 b - a potion of lignification
 f - a potion of enlightenment {unknown}


   Skills:
 + Level 1.6 Fighting
 - Level 1.5 Dodging
 + Level 3.3 Unarmed Combat
 + Level 3.2 Shapeshifting


You had one spell level left.
You didn't know any spells.
Your spell library was empty.

Dungeon Overview and Level Annotations

Branches:
Dungeon (1/15)

Altars:


Innate Abilities, Weirdness & Mutations

You are a hulking beast.
Your limbs bulge with bestial killing power. (Slay +1)
Your serpentine skin is tough. (AC +0)
You have supernaturally acute eyesight. (SInv)
Armour fits poorly on your strangely shaped body.
Your system is resistant to poisons. (rPois)
You cover ground very slowly.
You can spit poison.
You have a snake-like lower body.


Message History

You kill the rat!
The kobold hits you with a +0 whip.
You hit the kobold.
You kill the kobold!
You hit the goblin.
You kill the goblin!
The hobgoblin throws an atropa-tipped dart.
The atropa-tipped dart completely misses you.
You have got your breath back.
The hobgoblin throws an atropa-tipped dart.
The atropa-tipped dart hits you!
You are confused.
Items here: )) †††.
The hobgoblin closely misses you.
You barely miss the hobgoblin. Your punch misses the hobgoblin.
You feel less confused. The hobgoblin hits you with a +0 spear!
* * * LOW HITPOINT WARNING * * *
You hit the hobgoblin.
The hobgoblin is moderately wounded.
The hobgoblin closely misses you.
You barely miss the hobgoblin.
The hobgoblin is moderately wounded.
The hobgoblin hits you with a +0 spear.
* * * LOW HITPOINT WARNING * * *
You hit the hobgoblin.
You punch the hobgoblin, but do no damage.
The hobgoblin is heavily wounded.
The hobgoblin barely misses you.
You hit the hobgoblin but do no damage.
The hobgoblin is heavily wounded.
The hobgoblin hits you with a +0 spear.
* * * LOW HITPOINT WARNING * * *
You hit the hobgoblin but do no damage.
The hobgoblin is heavily wounded.
The hobgoblin closely misses you.
You barely miss the hobgoblin.
The hobgoblin is heavily wounded.
The hobgoblin hits you with a +0 spear.
You die...

###.#.######....#.....#
....#.# ####.......#
#####.# ##......# # ..#
##.....#.# ###
#.......# #.......#
##.......# #)).......
#h######.. #g# ## #g.
.... ..... ....###
.#.## ..#.#


You could see 2 hobgoblins.

Vanquished Creatures
  A ball python (D:1)
  A bat (D:1)
  An endoplasm (D:1)
  3 hobgoblins (D:1)
  A quokka (D:1)
  3 goblins (D:1)
  2 kobolds (D:1)
  2 rats (D:1)
14 creatures vanquished.

Notes
Turn   | Place    | Note
-------+----------+-------------------------------------------
     0 | D:1      | Bobbunny the Naga Shapeshifter began the quest for the Orb.
     0 | D:1      | Reached XP level 1. HP: 18/18 MP: 1/1
   110 | D:1      | Reached XP level 2. HP: 12/25 MP: 2/2
   224 | D:1      | Slain by a hobgoblin

Illustrated notes

Levels and vault maps discovered:
D:1:      lightli_arrival_flooded_house, layout_basic

Action                     || total
---------------------------++-------
  Melee: Unarmed           ||    41
         Punch             ||     2
Ability: Spit Poison       ||     1
 Armour: Animal skin       ||    20
  Dodge: Dodged            ||    20
